 Dungeon Crawl Stone Soup version 0.28.0-45-g0d030f2227 (webtiles) character file.

Game seed: 7476435811083007191

5 Andrea the Covert (level 1, 0/22 (23) HPs)
             Began as a Gnoll Delver on Apr 6, 2022.
             Succumbed to an adder's poison
             ... on level 4 of the Dungeon.
             The game lasted 00:01:29 (221 turns).

Andrea the Covert (Gnoll Delver)                     Turns: 221, Time: 00:01:29

HP:   0/22 (23)     AC:  3    Str: 11    XL:     1   Next: 80%
MP:   1/1           EV: 13    Int:  9    God:
Gold: 17            SH:  0    Dex: 13    Spells: 0/0 levels left

rFire   . . .      SeeInvis .   a - +0 spear
rCold   . . .      Faith    .   (no shield)
rNeg    . . .      Spirit   .   b - +0 leather armour
rPois   .          Reflect  .   (no helmet)
rElec   .          Harm     .   (no cloak)
rCorr   .          Rampage  .   (no gloves)
Will    .....                   (no boots)
Stlth   ++++......              (no amulet)
HPRegen 0.07/turn               (no ring)
MPRegen 0.07/turn               (no ring)

@: lethally poisoned (0 -> -4), lightly drained
A: fangs 1, strong nose, distributed training
a: no special abilities


You were on level 4 of the Dungeon.
You visited 1 branch of the dungeon, and saw 3 of its levels.

You collected 17 gold pieces.

Inventory:

Hand Weapons
 a - a +0 spear (weapon)
Armour
 b - a +0 leather armour (worn)
 i - a +2 pair of boots
Wands
 g - a wand of digging (3)
Scrolls
 c - a scroll of fog
 h - 2 scrolls of teleportation {unknown}


   Skills:
 + Level 6.4 Fighting
 + Level 0.1 Short Blades
 + Level 0.1 Long Blades
 + Level 0.1 Axes
 + Level 0.1 Maces & Flails
 + Level 4.4 Polearms
 + Level 0.1 Staves
 + Level 0.1 Slings
 + Level 0.1 Bows
 + Level 0.1 Crossbows
 + Level 0.1 Throwing
 + Level 0.1 Armour
 + Level 4.4 Dodging
 + Level 9.5 Stealth
 + Level 0.1 Shields
 + Level 0.1 Unarmed Combat
 + Level 0.1 Spellcasting
 + Level 0.1 Conjurations
 + Level 0.1 Hexes
 + Level 0.1 Summonings
 + Level 0.1 Necromancy
 + Level 0.1 Translocations
 + Level 0.1 Transmutations
 + Level 0.1 Fire Magic
 + Level 0.1 Ice Magic
 + Level 0.1 Air Magic
 + Level 0.1 Earth Magic
 + Level 0.1 Poison Magic
 + Level 0.2 Invocations
 + Level 0.1 Evocations


You couldn't memorise any spells.
You didn't know any spells.
Your spell library was empty.

Dungeon Overview and Level Annotations

Branches:
Dungeon (6/15)             Temple (0/1) D:5

Altars:


Innate Abilities, Weirdness & Mutations

You have very sharp teeth.
Your uncanny sense of smell can sniff out nearby items.
Your experience applies equally to all skills.


Message History

A gnoll comes into view. It is wielding a +0 whip.
You see here a +0 flail. 2 gnolls come into view.
An ogre comes into view. It is wielding a +0 giant club.
Found a scroll labelled XEYMOLEDI.
You see here 20 stones.
A kobold and a jackal come into view. 2 jackals come into view.
Found a stone staircase leading down.
An adder and a worm come into view.
Found a scroll labelled BURU RIT RUPS.
A worm comes into view.
The adder hisses angrily.
You hear the slow rusting of a drain nearby.
The adder misses you.
A hobgoblin comes into view.
The adder misses you.
The hobgoblin shouts!
The jackal barks!
You hear a bark!
You hear a shout!
A jackal comes into view.
The adder bites you.
The jackal barks!
The hobgoblin hits you.
The kobold shouts!
The jackal bites you. The jackal barely misses you. x2
The jackal closely misses you. The adder bites you.
You are poisoned.
The adder poisons you!
You feel sick. The jackal bites you.
You feel sick. The adder bites you.
* * * LOW HITPOINT WARNING * * *
You feel sick.
You feel sick.
You feel sick. The adder bites you.
* * * LOW HITPOINT WARNING * * *
You are lethally poisoned!
The adder poisons you!
* * * LOW HITPOINT WARNING * * *
You feel sick.
You die...

)#.#####.# .#.# #. ... .#.#
.. .. .#.##.##. ..
#........# ##.
#........##### #..
#.###.........##.#### #.#
..... #.......# #.# ##.##
#...@...# #(##.##.##.
##.#.##.#
#..?....##.###.#Sh..#
...............#....#
.###.#.........##h###
.###.# .....K.h.....#
.##..# ......hh##.#########
.##.##...>...hg##.##≈≈≈≈≈≈≈
.............n.##...≈≈#≈#≈#


You could see an adder and 2 jackals.

Vanquished Creatures
  An ufetubus (D:5)
1 creature vanquished.

Notes
Turn   | Place    | Note
-------+----------+-------------------------------------------
     0 | D:5      | Reached skill level 9 in Stealth
     0 | D:5      | Andrea the Gnoll Delver began the quest for the Orb.
     0 | D:5      | Reached XP level 1. HP: 23/23 MP: 1/1
     6 | D:5      | Noticed a howler monkey
    17 | D:5      | Noticed a necrophage
    34 | D:6      | Noticed an orc wizard
    58 | D:5      | Noticed a jelly
   145 | D:5      | Noticed an iguana
   166 | D:4      | Noticed an ogre
   220 | D:4      | HP: 1/22 [poisoned by an adder]
   221 | D:4      | Succumbed to an adder's poison

Illustrated notes

Levels and vault maps discovered:
D:4:      layout_loops_cross, lightli_sewer_entry_pipes,
          ebering_ghost_disaster_area
D:5:      layout_cave_pods, minmay_temple_entry_statues_fountains,
          corexii_leaking_fountain, st_stairs_6
D:6:      layout_rooms

Skill      XL: | |
---------------+-+-----
Stealth        | |  9.5
Fighting       | |  6.4
Short Blades   | |  0.1
Long Blades    | |  0.1
Axes           | |  0.1
Maces & Flails | |  0.1
Polearms       | |  4.4
Staves         | |  0.1
Slings         | |  0.1
Bows           | |  0.1
Crossbows      | |  0.1
Throwing       | |  0.1
Armour         | |  0.1
Dodging        | |  4.4
Shields        | |  0.1
Unarmed Combat | |  0.1
Spellcasting   | |  0.1
Conjurations   | |  0.1
Hexes          | |  0.1
Summonings     | |  0.1
Necromancy     | |  0.1
Translocations | |  0.1
Transmutations | |  0.1
Fire Magic     | |  0.1
Ice Magic      | |  0.1
Air Magic      | |  0.1
Earth Magic    | |  0.1
Poison Magic   | |  0.1
Invocations    | |  0.2
Evocations     | |  0.1

Action                   || total
-------------------------++-------
Melee: Spear             ||     7
  Use: Scroll            ||     2
       Potion            ||     1
Armor: Leather armour    ||     7
Dodge: Dodged            ||    26
